 Dungeon Crawl Stone Soup version 0.30-a0-639-g3916f1956a (webtiles) character file.

Game seed: 18075493536052082814

79 quinnr the Gusty (level 4, 0/25 HPs)
             Began as a Tengu Air Elementalist on Jan 16, 2023.
             Slain by Ijyb
             ... wielding a +0 club
              (6 damage)
             ... on level 3 of the Dungeon.
             The game lasted 00:04:25 (2053 turns).

quinnr the Gusty (Tengu Air Elementalist)           Turns: 2053, Time: 00:04:26

Health: 0/25       AC:  2    Str:  8    XL:     4   Next: 37%
Magic:  9/9        EV: 13    Int: 18    God:
Gold:   134        SH:  0    Dex: 14    Spells: 6/9 levels left

rFire   . . .      SeeInvis .    e - +3 dagger (elec)
rCold   . . .      Faith    .    (no shield)
rNeg    . . .      Spirit   .    a - +0 robe
rPois   .          Reflect  .    (helmet restricted)
rElec   .          Harm     .    (no cloak)
rCorr   .          Rampage  .    (no gloves)
Will    .....                    (boots unavailable)
Stlth   ++                       (no amulet)
HPRegen 0.24/turn                (no ring)
MPRegen 0.11/turn                (no ring)

@: no status effects
A: beak, talons 3
a: no special abilities


You were on level 3 of the Dungeon.
You visited 1 branch of the dungeon, and saw 3 of its levels.

You collected 134 gold pieces.


Innate Abilities, Weirdness & Mutations

You have a beak for a mouth.
You have claws for feet.


   Skills:
 - Level 1.0 Fighting
 + Level 3.0 Dodging
 - Level 2.0 Stealth
 - Level 3.0 Spellcasting
 - Level 1.3 Conjurations
 - Level 5.0 Air Magic


You had 6 spell levels left.
You knew the following spells:

 Your Spells              Type           Power      Damage    Failure   Level
t - Static Discharge      Conj/Air       28%        2-4/arc   7%          2
z - Shock                 Conj/Air       56%        1d6       4%          1

Your spell library contained the following spells:

 Spells                   Type           Power      Damage    Failure   Level
 Swiftness                Air            20%        N/A       6%          3
 Airstrike                Air            10%        2d(2-18)  21%         4

Inventory:

Hand Weapons
 e - a +3 dagger of electrocution (weapon)
Armour
 a - a +0 robe (worn)
 i - a +0 cloak
Magical Staves
 f - a staff of poison {!a}
Scrolls
 c - a scroll of noise {unknown}
 g - 3 scrolls of identify {unknown}
 j - a scroll of brand weapon {unknown}
Potions
 b - a potion of magic
 d - a potion of degeneration {unknown}
 h - a potion of attraction {unknown}
 k - a potion of curing {unknown}

Dungeon Overview and Level Annotations

Branches:
Dungeon (3/15)

Altars:

Annotations:
D:3 Ijyb

##. ... #.### #...
#..# #.#######..#
#.##.......#
#.##.....@.#
#.##.....g.#
#.##......w# .# ##
#.##.......#...# <#
#.##...........# .#
####.#####.##...#.#
.#
#..........#......#
.#
#..........#........#
.#
#...................#


You could see Ijyb (strong) and a worm.


Message History

A worm comes into view.
A worm is nearby!
The zap hits the worm.
The worm is lightly wounded.
The zap hits the worm.
The worm is moderately wounded.
Ijyb the Twisted Goblin comes into view.
She is wielding a +0 club and carrying a wand of digging (4).
Ijyb shouts!
Ijyb zaps a wand.
You hear a grinding noise.
Casting: Shock (safe; 4% risk of failure)
Confirm with . or Enter, or press ? or * to list all spells.
Okay, then.
You hear a zap.
You hear a grinding noise.
You hear a zap.
You hear a grinding noise.
You hear the crackle of electricity.
e - a +3 dagger of electrocution (weapon)
Ijyb drinks a potion.
Ijyb seems to grow stronger.
You barely miss Ijyb. Your kick misses Ijyb. Ijyb hits you with a +0 club!
You hit Ijyb but do no damage. Ijyb misses you.
You hit Ijyb. Your peck misses Ijyb.
Ijyb is lightly wounded.
The worm closely misses you. Ijyb hits you with a +0 club.
Ijyb attacks as you move away! Ijyb closely misses you.
Ijyb attacks as you move away! Ijyb barely misses you.
Ijyb attacks as you move away! Ijyb hits you with a +0 club!
* * * LOW HITPOINT WARNING * * *
Okay, then.
Ijyb attacks as you move away! Ijyb hits you with a +0 club.
You die...

Skill      XL: |  1  2  3  4 |
---------------+-------------+-----
Spellcasting   | 3 |  3.0
Air Magic      | 5 |  5.0
Fighting       | 1 |  1.0
Dodging        | 3 |  3.0
Stealth        | |  2.0
Conjurations   | |  1.3

Action                   |  1- 3 |  4- 6 || total
-------------------------+-------+-------++-------
Melee: Staff             |     6 |       ||     6
       Kick              |     3 |       ||     3
       Dagger            |     2 |     3 ||     5
 Cast: Shock             |    91 |    14 ||   105
       Static Discharge  |       |     2 ||     2
Armor: Robe              |    10 |     3 ||    13
Dodge: Dodged            |    23 |     8 ||    31

Levels and vault maps discovered:
D:1:      lightli_arrival_isolated_outpost, layout_rooms,
          hellmonk_ecumenical_altar_pennies_from_heaven,
          kennysheep_pointless_box
D:2:      layout_rooms, serial_aquarium, aquarium_bridge_island_small
          [aquarium_subvault_small_open, aquarium_subvault_bridge,
          aquarium_subvault_window, aquarium_subvault_bridge,
          aquarium_subvault_bridge], aquarium_window_corridor_3,
          aquarium_window_fake, aquarium_view_2d, aquarium_view_2e,
          aquarium_pool_five, hangedman_feature_mirror
D:3:      minmay_thinvault, layout_basic, uniq_natasha, uniq_ijyb

Notes
Turn   | Place    | Note
-------+----------+-------------------------------------------
     0 | D:1      | quinnr the Tengu Air Elementalist began the quest for the
                  | Orb.
     0 | D:1      | Reached XP level 1. HP: 10/10 MP: 4/4
   337 | D:1      | Reached XP level 2. HP: 15/15 MP: 2/6
   494 | D:1      | Reached skill level 3 in Spellcasting
   504 | D:1      | Learned a level 2 spell: Static Discharge
   603 | D:1      | Found a faded altar of an unknown god.
   672 | D:1      | Reached XP level 3. HP: 19/19 MP: 3/8
  1176 | D:2      | Reached skill level 5 in Air Magic
  1504 | D:2      | Reached XP level 4. HP: 24/24 MP: 5/9
  1744 | D:2      | Reached skill level 1 in Fighting
  1959 | D:3      | Reached skill level 3 in Dodging
  2030 | D:3      | Noticed Ijyb
  2053 | D:3      | Slain by Ijyb

Vanquished Creatures
  3 adders (D:2)
  4 ball pythons
  8 endoplasms
  5 giant cockroaches (D:1)
  2 goblins
  4 hobgoblins
  4 quokkas
  7 bats
  2 frilled lizards (D:1)
  4 kobolds
  3 rats
46 creatures vanquished.

Table legend: (Time is in decaauts)
 A = Elapsed time spent in this place.
 B = Non-inter-level travel time spent in this place.
 C = Inter-level travel time spent in this place.
 D = Time resting spent in this place.
 E = Time spent auto-exploring this place.
 F = Levels seen in this place.
 G = Mean time per level.
                   A        B        C        D        E       F      G
               +--------+--------+--------+--------+--------+-----+--------+
         Total |   2060 |   2052 |      8 |    111 |   1586 |   3 |  686.7 |
       Dungeon |   2060 |   2052 |      8 |    111 |   1586 |   3 |  686.7 |
               +--------+--------+--------+--------+--------+-----+--------+

Top non-repeatable levels by time:
     D:1: 1138 daAuts
     D:2: 792 daAuts
     D:3: 129 daAuts

Table legend:
 A = Non-vault XP
 B = Vault XP
 C = Vault XP percentage of total XP
 D = Non-vault monster count
 E = Vault monster count
 F = Vault count percentage of total count
                 A         B        C        D         E       F
            +---------+---------+-------+---------+---------+-------
      Total |     113 |       0 |   0.0 |      46 |       0 |   0.0
            +---------+---------+-------+---------+---------+-------
        D:1 |      48 |       0 |   0.0 |      28 |       0 |   0.0
        D:2 |      61 |       0 |   0.0 |      16 |       0 |   0.0
        D:3 |       4 |       0 |   0.0 |       2 |       0 |   0.0
            +---------+---------+-------+---------+---------+-------
